 Dungeon Crawl Stone Soup version 0.31-a0-202-g547052bce9 (webtiles) character file.

Game seed: 9607421169862649516

46 qw the Shooter (level 3, -1/20 HPs)
             Began as a Deep Elf Hunter on June 26, 2023.
             Slain by a goblin
             ... wielding a +0 dagger
             ... led by Robin
              (3 damage)
             ... on level 2 of the Dungeon.
             The game lasted 00:00:22 (1007 turns).

qw the Shooter (Deep Elf Hunter)                    Turns: 1007, Time: 00:00:22

Health: -1/20      AC:  3    Str: 10    XL:     3   Next: 46%
Magic:  5/5        EV: 12    Int: 13    God:
Gold:   44         SH:  0    Dex: 18    Spells: 2/2 levels left

rFire   . . .        Y - +0 shortbow
rCold   . . .        (shield currently unavailable)
rNeg    . . .        c - +0 leather armour
rPois   .            (no helmet)
rElec   .            (no cloak)
rCorr   .            (no gloves)
SInv    .            (no boots)
Will    .....        (no amulet)
Stlth   ++           (no ring)
HPRegen 0.23/turn    (no ring)
MPRegen 0.09/turn

%: no passive effects
@: no status effects
A: no striking features
a: no special abilities


You were on level 2 of the Dungeon.
You visited 1 branch of the dungeon, and saw 2 of its levels.

You collected 44 gold pieces.


   Skills:
 - Level 1.5 Fighting
 + Level 7.0 Ranged Weapons
 - Level 2.4 Dodging
 - Level 1.2 Stealth


You had 2 spell levels left.
You didn't know any spells.
Your spell library was empty.

Inventory:

Hand Weapons
 Y - a +0 shortbow (weapon)
Armour
 c - a +0 leather armour (worn)
Scrolls
 a - a scroll of identify
 b - 2 scrolls of teleportation {unknown}
Potions
 f - a potion of mutation
 g - a potion of might

Dungeon Overview and Level Annotations

Branches:
Dungeon (2/15)

Altars:

Annotations:
D:2 Robin


Message History

You shoot an arrow. The arrow barely misses the goblin.
The hobgoblin shouts!
A ball python comes into view.
Robin's horned helmet rattles.
Robin throws the goblin at you! The goblin hits you but does no damage.
The goblin closely misses you.
You shoot an arrow. The arrow closely misses the goblin.
The ball python hisses angrily.
The goblin misses you. The goblin hits you with a +0 club.
The goblin hits you but does no damage. The goblin hits you with a +0 dagger.
A goblin comes into view. It is wielding a +0 dagger.
You shoot an arrow. The arrow closely misses the goblin.
The goblin closely misses you.
A hobgoblin comes into view.
Robin says, "Kneel, worm!"
Robin roars a battlecry!
The goblins go into a battle-frenzy!
The goblin hits you with a +0 club.
You shoot an arrow. The arrow hits the goblin.
You kill the goblin!
The goblin barely misses you.
You shoot an arrow. The arrow hits the goblin!
You kill the goblin!
You shoot an arrow. The arrow closely misses the goblin.
The arrow hits the hobgoblin but does no damage.
The goblin hits you with a +0 short sword.
You shoot an arrow. The arrow barely misses the goblin.
The arrow hits the hobgoblin.
The hobgoblin is moderately wounded.
The goblin barely misses you. Robin throws the goblin at you!
You shoot an arrow.
The arrow hits the goblin but does no damage.
The goblin is moderately wounded.
A hobgoblin comes into view. It is wielding a +0 club.
The goblin barely misses you. The goblin hits you with a +0 dagger.
You shoot an arrow. The arrow closely misses the goblin.
The arrow hits the hobgoblin.
You kill the hobgoblin!
The goblin barely misses you. The goblin hits you with a +0 dagger.
You die...

#.....#.##..'.
#.....#.##.##.
#.....#.#.....
##.#####....<.....#..
........##.###....#..
##.####.##........... #
#.##.####.#.#.#
.g###g####.#######.#.#.#
.gSg.gg@g...............
..##########.#####.#####
#.........# #
#.#.####### #.#.#
.#####'#.## #.........#
..... #.......#.# #.#..
.'.......#.### #.#..


You could see Robin, 3 hobgoblins, 3 goblins and a ball python.

Vanquished Creatures
  A worm (D:2)
  2 ball pythons (D:1)
  3 bats
  5 endoplasms
  A giant cockroach (D:1)
  6 goblins
  5 hobgoblins
  2 jackals (D:1)
  3 kobolds (D:1)
  2 quokkas
  8 rats
38 creatures vanquished.

Notes
Turn   | Place    | Note
-------+----------+-------------------------------------------
     0 | D:1      | qw the Deep Elf Hunter began the quest for the Orb.
     0 | D:1      | Reached XP level 1. HP: 12/12 MP: 3/3
     0 | D:1      | 0 ||| qw: Version: 0.3-a-22-g0ed2b0b
     0 | D:1      | 0 ||| qw: Game counter: 6331
     0 | D:1      | 0 ||| qw: Melee chars always use a shield: true
     0 | D:1      | 0 ||| qw: God list: Okawaru
     0 | D:1      | 0 ||| qw: Allow faded altars: false
     0 | D:1      | 0 ||| qw: Do Orc after clearing Dungeon:15 true
     0 | D:1      | 0 ||| qw: Do second Lair branch before Depths: true
     0 | D:1      | 0 ||| qw: Lair rune preference: random
     0 | D:1      | 0 ||| qw: Goals: Normal
     0 | D:1      | 0 ||| PLANNING D:1-11
   143 | D:1      | Reached XP level 2. HP: 16/16 MP: 4/4
   165 | D:1      | Reached skill level 6 in Ranged Weapons
   684 | D:1      | 684 ||| FLEEEEING.
   686 | D:1      | 686 ||| FLEEEEING.
   687 | D:1      | 687 ||| FLEEEEING.
   693 | D:1      | Reached XP level 3. HP: 19/20 MP: 5/5
   786 | D:1      | 786 ||| READING 4 scrolls labelled BIWIKUQOPT.
   787 | D:1      | 787 ||| READING scroll labelled ZUMUORA ONNYA.
   788 | D:1      | 788 ||| READING scroll labelled DUEBENIHIAS.
   789 | D:1      | 789 ||| READING 3 scrolls of identify.
   789 | D:1      | 789 ||| IDENTIFYING puce potion
   790 | D:1      | 790 ||| READING 2 scrolls of identify.
   790 | D:1      | 790 ||| IDENTIFYING smoky golden potion
   791 | D:1      | 791 ||| DROPPING scroll of butterflies.
   994 | D:2      | Noticed Robin
   999 | D:2      | Reached skill level 7 in Ranged Weapons
  1004 | D:2      | HP: 5/20 [goblin/+0 short sword[Robin] (5)]
  1006 | D:2      | HP: 1/20 [goblin/+0 dagger[Robin] (4)]
  1007 | D:2      | Slain by a goblin

Levels and vault maps discovered:
D:1:      dpeg_arrival_rhombi, layout_basic, wad_floor_pattern_untrapped,
          serial_bayou_crossing
D:2:      layout_basic, due_unseen_surprise, uniq_robin

Skill      XL: |  1  2  3 |
---------------+----------+-----
Ranged Weapons | 6 7 |  7.0
Fighting       | |  1.5
Dodging        | |  2.4
Stealth        | |  1.2

Action                     || total
---------------------------++-------
   Fire: Shortbow          ||    85
    Use: Scroll            ||     5
 Armour: Leather armour    ||     9
  Dodge: Dodged            ||    17

Table legend:
 A = Non-vault XP
 B = Vault XP
 C = Vault XP percentage of total XP
 D = Non-vault monster count
 E = Vault monster count
 F = Vault count percentage of total count
                 A         B        C        D         E       F
            +---------+---------+-------+---------+---------+-------
      Total |      55 |      14 |  20.3 |      31 |       7 |  18.4
            +---------+---------+-------+---------+---------+-------
        D:1 |      44 |       0 |   0.0 |      26 |       0 |   0.0
        D:2 |      11 |      14 |  56.0 |       5 |       7 |  58.3
            +---------+---------+-------+---------+---------+-------
